 Dungeon Crawl Stone Soup version 0.28.0-45-g0d030f2227 (console) character file.

Game seed: 1728936443404458240

51 Faeu the Covered (level 3, -4/33 HPs)
             Began as a Minotaur Fighter on Apr 19, 2022.
             Slain by a black bear (7 damage)
             ... on level 3 of the Dungeon.
             The game lasted 00:04:12 (1419 turns).

Faeu the Covered (Minotaur Fighter)                 Turns: 1419, Time: 00:04:13

Health: -4/33      AC:  7    Str: 22    XL:     3   Next: 57%
Magic:  2/2        EV:  9    Int:  5    God:
Gold:   72         SH:  4    Dex:  9    Spells: 2/2 levels left

rFire   . . .      SeeInvis .   a - +0 long sword {long}
rCold   . . .      Faith    .   c - +0 buckler
rNeg    . . .      Spirit   .   b - +0 scale mail
rPois   .          Reflect  .   (helmet restricted)
rElec   .          Harm     .   (no cloak)
rCorr   .          Rampage  .   (no gloves)
Will    .....                   (no boots)
Stlth   ..........              (no amulet)
HPRegen 0.11/turn               (no ring)
MPRegen 0.08/turn               (no ring)

@: no status effects
A: horns 2, retaliatory headbutt
a: no special abilities


You were on level 3 of the Dungeon.
You visited 1 branch of the dungeon, and saw 3 of its levels.

You collected 72 gold pieces.


Innate Abilities, Weirdness & Mutations

You have a pair of horns on your head.
You reflexively headbutt those who attack you in melee.


   Skills:
 + Level 4.1 Fighting
 + Level 3.2 Long Blades
 + Level 4.2 Armour
 + Level 4.2 Shields


You had 2 spell levels left.
You didn't know any spells.
Your spell library was empty.

Inventory:

Hand Weapons
 a - a +0 long sword (weapon) {long}
Missiles
 q - a poisoned dart (quivered) {throwing}
Armour
 b - a +0 scale mail (worn)
 c - a +0 buckler (worn)
Jewellery
 i - a ring of protection from cold
   (You found it on level 1 of the Dungeon)
Scrolls
 e - a scroll of fear {unknown}
 f - 4 scrolls of identify {unknown}
 g - a scroll of torment {unknown}
 j - a scroll of teleportation {unknown}
 m - a scroll of immolation {unknown}
 o - a scroll of enchant armour {unknown}
Potions
 d - a potion of might
 h - a potion of brilliance {unknown}
 k - a potion of attraction {unknown}
 l - 2 potions of haste {unknown}
 n - a potion of ambrosia {unknown}
 p - a potion of degeneration {unknown}

Dungeon Overview and Level Annotations

Branches:
Dungeon (3/15)

Altars:

./#.######..
#.#.#..#.... #.
#.#......$#
#####..#.#.......#
....#..#.#.......#
......#.#.......#
###.#..#.#.......#
........(....#.##
#.#...(#.#.##.#
#....h.)..)...##.#
#...@o.#.#.......#
#.##......######## #
#.##..........
#.##.######### #.#
#.##.# .#.# #.##.# ...
..##.#
#.############.#
#.#............#
#.........########
#####.................


You could see a black bear (berserk) and an orc.


Message History

There is an escape hatch in the floor here.
A kobold comes into view.
It is wielding a +0 dagger and quivering poisoned darts.
The kobold shouts!
The kobold throws a poisoned dart.
The poisoned dart closely misses you.
The kobold throws a poisoned dart.
The poisoned dart hits you!
You are poisoned.
You feel sick. 😕 HP[-2]
You take 2 damage, and now have 31/33 hp.
You feel sick. 😕 HP[-1]
You take 1 damage, and now have 30/33 hp.
You feel sick. The kobold hits you but does no damage.
You hit the kobold.
You kill the kobold!
You feel sick. 😕 HP[-3]
You take 3 damage, and now have 27/33 hp.
You feel sick.
Things that are here:
a +0 dagger {short}; 3 poisoned darts {throwing}; a kobold corpse 😕 HP[-1]
You take 1 damage, and now have 26/33 hp.
You feel sick.
You are no longer poisoned. 😕 HP[-1]
You take 1 damage, and now have 25/33 hp.
Things that are here:
a +0 dagger {short}; 3 poisoned darts {throwing}; a kobold corpse A kobold comes into view.
It is wielding a +0 short sword.
The kobold shouts!
Things that are here:
a +0 dagger {short}; 3 poisoned darts {throwing}; a kobold corpse
q - 3 poisoned darts {throwing} 😕 HP[+1]
You closely miss the kobold. Your headbutt misses the kobold.
The kobold hits you but does no damage.
You hit the kobold.
You kill the kobold!
f - 4 scrolls labelled JOINIEBBEX (gained 1)
Things that are here:
a +0 short sword {short}; a kobold corpse You now have 72 gold pieces (gained 4). 😕 HP[+1]
Things that are here:
a +0 short sword {short}; a kobold corpse
Things that are here:
a +0 dagger {short}; a kobold corpse 😕 HP[+1]
A black bear comes into view.
The black bear growls angrily.
You hear a shout!
An orc comes into view. It is wielding a +0 dagger.
Things that are here:
a +0 dagger {short}; a kobold corpse
There is a stone staircase leading up here.
You throw a poisoned dart {throwing}.
The poisoned dart {throwing} hits the black bear. 😕 HP[+1]
You throw a poisoned dart {throwing}.
The poisoned dart {throwing} hits the black bear.
You hit the black bear but do no damage.
The black bear bites you but does no damage.
The black bear barely misses you.
The black bear claws you but does no damage.
You block the black bear's attack. The black bear claws you. x2 😮 HP[-8]
You take 8 damage, and now have 21/33 hp.
MASSIVE DAMAGE!! (PAUSE)
You closely miss the black bear. You block the black bear's attack.
The black bear claws you.
The black bear claws you but does no damage. 😮 HP[-1]
You take 1 damage, and now have 20/33 hp.
You hit the black bear. The orc hits you with a +0 dagger.
* * * LOW HITPOINT WARNING * * *
The black bear bites you but does no damage.
The black bear claws you but does no damage.
The black bear barely misses you. 😨 HP[-4]
You take 4 damage, and now have 16/33 hp.
You hit the black bear. You headbutt the black bear.
The orc hits you but does no damage.
The black bear bites you but does no damage.
The black bear claws you but does no damage. x2
You slash the black bear! The orc hits you with a +0 dagger.
* * * LOW HITPOINT WARNING * * *
The black bear goes berserk!
The orc hits you but does no damage. The black bear bites you!
* * * LOW HITPOINT WARNING * * *
The black bear claws you but does no damage.
The black bear closely misses you. 😱 HP[-10]
You take 10 damage, and now have 6/33 hp.
MASSIVE DAMAGE!! (PAUSE)
You barely miss the black bear. The black bear closely misses you.
The black bear claws you.
* * * LOW HITPOINT WARNING * * *
The black bear barely misses you. You block the orc's attack.
You closely miss the black bear.
The black bear bites you but does no damage.
The black bear barely misses you. The black bear claws you.
* * * LOW HITPOINT WARNING * * *
The black bear bites you!
You die...

Skill      XL: |  1  2 |
---------------+-------+-----
Armour         | 4 |  4.2
Shields        | 4 |  4.2
Fighting       | 4 |  4.1
Long Blades    | 3 |  3.2

Action                   || total
-------------------------++-------
Melee: Long sword        ||    74
       Headbutt          ||    10
Throw: Dart              ||     2
Armor: Scale mail        ||    43
Dodge: Dodged            ||    36
Block: Buckler           ||    11

Levels and vault maps discovered:
D:1:      scummos_arrival_star, layout_loops_cross, minmay_misc_feat_room
D:2:      layout_basic, shapermc_ecumenical_altar_acropolis
D:3:      layout_basic, slow_altar_1, nicolae_gozag_zags_fifth_avenue,
          serial_shops, nicolae_shop_bloodbath_and_beyond,
          hellmonk_ghost_happy_afterlife

Notes
Turn   | Place    | Note
-------+----------+-------------------------------------------
     0 | D:1      | Faeu the Minotaur Fighter began the quest for the Orb.
     0 | D:1      | Reached XP level 1. HP: 19/19 MP: 0/0
     0 | D:1      | magus.rc [v1.9.6]
   138 | D:1      | Reached XP level 2. HP: 27/27 MP: 1/1
   415 | D:1      | Reached skill level 4 in Armour
   525 | D:1      | Reached skill level 4 in Shields
   757 | D:2      | Reached skill level 4 in Fighting
   808 | D:2      | Reached skill level 3 in Long Blades
   808 | D:2      | Reached XP level 3. HP: 33/33 MP: 2/2
   994 | D:2      | Found a faded altar of an unknown god.
  1402 | D:3      | Noticed a black bear
  1417 | D:3      | HP: 6/33 [black bear (7)]
  1419 | D:3      | Slain by a black bear

Vanquished Creatures
  An adder (D:2)
  A dart slug (D:2)
  5 endoplasms (D:1)
  A giant cockroach (D:2)
  2 hobgoblins
  3 jackals (D:1)
  A quokka (D:2)
  3 ball pythons (D:2)
  3 bats
  2 frilled lizards (D:2)
  7 goblins
  4 kobolds
  4 rats
37 creatures vanquished.

Table legend:
 A = Non-vault XP
 B = Vault XP
 C = Vault XP percentage of total XP
 D = Non-vault monster count
 E = Vault monster count
 F = Vault count percentage of total count
                 A         B        C        D         E       F
            +---------+---------+-------+---------+---------+-------
      Total |      73 |       0 |   0.0 |      37 |       0 |   0.0
            +---------+---------+-------+---------+---------+-------
        D:1 |      33 |       0 |   0.0 |      19 |       0 |   0.0
        D:2 |      38 |       0 |   0.0 |      16 |       0 |   0.0
        D:3 |       2 |       0 |   0.0 |       2 |       0 |   0.0
            +---------+---------+-------+---------+---------+-------

Illustrated notes

Table legend:
 A = Kills in this place as a percentage of kills in entire the game.
 B = Kills by you in this place as a percentage of kills by you in the entire game.
 C = Kills by friends in this place as a percentage of kills by friends in the entire game.
 D = Other kills in this place as a percentage of other kills in the entire game.
 E = Experience gained in this place as a percentage of experience gained in the entire game.
 F = Experience gained in this place divided by the number of levels of this place that you have seen.
                   A       B       C       D       E      F
               +-------+-------+-------+-------+-------+----------------------
         Total | 100.0 | 100.0 |   N/A |   N/A | 100.0 |  24.3
       Dungeon | 100.0 | 100.0 |   N/A |   N/A | 100.0 |  24.3
               +-------+-------+-------+-------+-------+----------------------

Table legend: (Time is in decaauts)
 A = Elapsed time spent in this place.
 B = Non-inter-level travel time spent in this place.
 C = Inter-level travel time spent in this place.
 D = Time resting spent in this place.
 E = Time spent auto-exploring this place.
 F = Levels seen in this place.
 G = Mean time per level.
                   A        B        C        D        E       F      G
               +--------+--------+--------+--------+--------+-----+--------+
         Total |   1440 |   1387 |     53 |      0 |   1063 |   3 |  480.0 |
       Dungeon |   1440 |   1387 |     53 |      0 |   1063 |   3 |  480.0 |
               +--------+--------+--------+--------+--------+-----+--------+

Top non-repeatable levels by time:
     D:1: 675 daAuts
     D:2: 656 daAuts
     D:3: 108 daAuts
